 Dungeon Crawl Stone Soup version 0.30-a0-672-gc3a7216ad8 (console) character file.

Game seed: 516380424136399858

97150 jejorda2 the Impaler (level 16, -12/193 HPs)
             Began as a Merfolk Berserker on Jan 18, 2023.
             Was a High Priest of Trog.
             Mangled by an emperor scorpion (27 damage)
             ... on level 1 of the Spider Nest.
             The game lasted 01:04:25 (21018 turns).

jejorda2 the Impaler (Merfolk Berserker)           Turns: 21018, Time: 01:04:26

Health: -12/193    AC:  5    Str: 25    XL:     16   Next: 18%
Magic:  16/16      EV: 16    Int:  7    God:    Trog [*****.]
Gold:   1838       SH:  0    Dex: 13    Spells: 15/15 levels left

rFire   + . .      SeeInvis .    a - +2 glaive (heavy)
rCold   + . .      Faith    .    (shield currently unavailable)
rNeg    . . .      Spirit   .    f - quicksilver dragon scales
rPois   +          Reflect  .    M - +2 helmet
rElec   .          Harm     .    V - scarf {rC+ rF+}
rCorr   .          Rampage  .    r - +0 pair of gloves
Will    ++...                    n - +2 pair of boots Stlth
                                 k - amulet of regeneration
HPRegen 1.32/turn                T - ring of poison resistance
MPRegen 0.15/turn                p - +4 ring of protection

@: berserking, spiked, corroded, very quick
A: (nimble swimmer 2), mertail
a: Renounce Religion, Berserk, Trog's Hand, Brothers in Arms


You were on level 1 of the Spider Nest.
You worshipped Trog.
Trog was extremely pleased with you.
You visited 4 branches of the dungeon, and saw 23 of its levels.
You also visited: Sewer and Bailey.

You collected 2392 gold pieces.
You spent 554 gold pieces at shops.

Inventory:

Hand Weapons
 a - a +2 heavy glaive (weapon)
 b - a +2 trident of venom
 s - a +3 antimagic glaive
 B - a +2 bardiche
Missiles
 e - 4 silver boomerangs
 t - 6 boomerangs
 y - 3 datura-tipped darts
 z - 54 poisoned darts (quivered)
 F - a throwing net
 H - 12 curare-tipped darts
 N - 13 javelins
Armour
 f - quicksilver dragon scales (worn)
 n - a +2 pair of boots (worn)
 r - a +0 pair of gloves (worn)
 M - a +2 helmet (worn)
 V - a scarf of resistance (worn)
Jewellery
 c - a ring of resist corrosion
 k - an amulet of regeneration (around neck)
 o - a ring of fire
 p - a +4 ring of protection (right hand)
 v - a ring of ice
 T - a ring of poison resistance (left hand)
Wands
 w - a wand of digging (13)
 x - a wand of flame (53)
 O - a wand of charming (23)
 P - a wand of polymorph (14)
 R - a wand of mindburst (21)
 S - a wand of iceblast (3)
Scrolls
 d - 4 scrolls of fear
 h - 2 scrolls of magic mapping
 j - 15 scrolls of teleportation
 A - a scroll of silence
 D - 4 scrolls of poison
 E - 3 scrolls of fog
 U - 4 scrolls of immolation
 W - 6 scrolls of identify
 Y - 2 scrolls of blinking
Potions
 g - 4 potions of resistance
 i - 4 potions of attraction
 m - 9 potions of flight
 q - 5 potions of cancellation
 u - 4 potions of might
 C - 7 potions of curing
 G - 2 potions of invisibility
 I - 3 potions of haste
 K - 2 potions of mutation
 L - a potion of berserk rage
 Q - 4 potions of ambrosia
 X - 3 potions of heal wounds
Miscellaneous
 l - a tin of tremorstones (2/2)
 Z - a phial of floods (inert)


   Skills:
 + Level 12.9 Fighting
 - Level 20.0 Polearms
 + Level 13.6 Throwing
 + Level 10.2 Armour
 - Level 12.0 Dodging
 - Level 6.0 Evocations


You had 15 spell levels left.
You didn't know any spells.
Your spell library was empty.

Dungeon Overview and Level Annotations

Branches:
Dungeon (15/15)            Temple (0/1) D:4            Lair (5/5) D:8
 Shoals (0/4) Lair:3       Spider (1/4) Lair:2        Slime (0/5) Lair:4
    Orc (2/2) D:12            Elf (0/3) Orc:2        Vaults (0/5) D:13
 Depths (0/4) D:15          Sewer (visited)          Bailey (visited)

Altars:
Ashenzari
Cheibriados
Dithmenos
Elyvilon
Fedhas
Hepliaklqana
Kikubaaqudgha
Makhleb
Nemelex Xobeh
Qazlal
Sif Muna
Vehumet
Wu Jian
Xom
Zin
The Shining One
Jiyva

Shops:
D:8 ?   Orc:2 !::[

Portals:
Trove: D:10 (give +6 fire dragon scales)

Annotations:
D:11 1 runed translucent door, greasedhog's ghost, journeyman KoFi
Lair:1 4 runed translucent doors, Poahonk's ghost, journeyman TrCK
Lair:3 1 runed translucent door, olddryhag's ghost, adept DsGl


Innate Abilities, Weirdness & Mutations

((You are very nimble when in or above water. (Stealth+, EV+, Speed+++)))
Your lower body shifts to a powerful aquatic tail in water.


Message History

The entropic weave corrodes you!
The emperor scorpion closely misses you.
The emperor scorpion claws you. x2; The jumping spider pounces on you!
The jumping spider completely misses you.
The web tears apart.
The jumping spider leaps!
The jumping spider pounces on you but does no damage.
The jumping spider completely misses you.
Your ogre hits the emperor scorpion with a +0 giant club!
The entropy weaver closely misses you. The entropy weaver hits you.
The entropy weaver barely misses you. The entropy weaver hits you!
You barely miss the emperor scorpion.
The emperor scorpion is severely wounded.
The jumping spider closely misses you. The jumping spider barely misses you.
The jumping spider leaps!
The emperor scorpion stings you!!
* * * LOW HITPOINT WARNING * * *
The emperor scorpion claws you.
* * * LOW HITPOINT WARNING * * *
The emperor scorpion misses you.
The jumping spider completely misses you.
The jumping spider bites you but does no damage.
The jumping spider misses you. The jumping spider closely misses you.
You barely miss the entropy weaver.
The entropy weaver is almost dead.
Your ogre barely misses the emperor scorpion.
The entropy weaver casts a spell at you.
The entropic weave corrodes you!
The emperor scorpion closely misses you.
The emperor scorpion misses you.
The emperor scorpion claws you but does no damage.
The jumping spider leaps! x2
You barely miss the entropy weaver.
The entropy weaver is almost dead.
The jumping spider leaps!
The entropy weaver hits you!
* * * LOW HITPOINT WARNING * * *
The entropy weaver misses you. The entropy weaver hits you!
* * * LOW HITPOINT WARNING * * *
The entropy weaver hits you!
* * * LOW HITPOINT WARNING * * *
The jumping spider leaps!
The emperor scorpion stings you!!
You die...

###^)...((.#.s.... ...
#.......(........# ...
##.○)....°(............
#.>.......(.#.#........
#.s........[.s..#.....
#..........s....^.....
#....B°.#†............
#....ssB.....#<.>.....
###..O@#...#.......#..
#..°###.............
.....s# ##......#.....
...... #####.......#
###....# #........
#......# ##........
#.......### #^.........
##........###....##....
##......†..##.....# ...


You could see an emperor scorpion, 2 entropy weavers, 4 jumping spiders, a
tarantella and a friendly ogre (summoned, berserk).

Vanquished Creatures
  Nikola (Spider:1)
  A frost giant (D:15)
  Azrael (D:13)
  The ghost of mampy3000 the Warrior, a journeyman MiBe of Trog (D:12)
  An ettin (Orc:1)
  6 hydras
  An ogre mage (Orc:2)
  2 catoblepae
  A centaur warrior (D:13)
  3 boulder beetles
  4 death yaks (Lair:5)
  2 two-headed ogres
  2 orc high priests
  4 tengu warriors
  A fire crab (shapeshifter) (D:15)
  A fire crab (Lair:2)
  2 goliath frogs (Lair:5)
  A skeletal warrior (D:13)
  2 swamp dragons (Lair:4)
  An orb spider (Spider:1)
  2 steelbarb worms (Spider:1)
  A wolf spider (Spider:1)
  12 orc sorcerers
  4 orc knights
  2 deep elf pyromancers
  A deep elf zephyrmancer (D:10)
  22 ugly things
  2 manticores
  6 elephants (Lair:3)
  4 cyclopes
  4 demonic crawlers
  3 black mambas
  A torpor snail (Spider:1)
  A centaur skeleton (D:13)
  14 cane toads
  2 unseen horrors (D:12)
  A gargoyle (D:11)
  3 komodo dragons
  2 rime drakes
  A tengu conjurer (D:15)
  2 unseen horror zombies (D:9)
  4 kobold demonologists
  A freezing wraith (D:14)
  5 yaktaurs (D:13)
  7 trolls
  3 tyrant leeches (Lair:5)
  2 polar bears
  6 tarantellas (Spider:1)
  17 blink frogs
  A raiju (shapeshifter) (D:14)
  10 jumping spiders
  3 shadows
  5 spriggans (Bailey)
  A culicivora (Spider:1)
  A centaur simulacrum (D:15)
  A wraith (D:12)
  A vampire (D:12)
  A water elemental (D:13)
  6 wyverns
  2 basilisks
  47 yaks
  4 fire elementals (D:13)
  4 steam dragons
  2 redbacks (Spider:1)
  9 vampire mosquitoes
  4 wargs
  3 swamp worms (Lair:2)
  2 acid dragons
  Duvessa (D:7)
  3 hell hounds (D:13)
  10 water moccasins
  A swamp drake (D:10)
  4 ice beasts
  21 orc warriors
  4 black bears
  5 ogres
  22 wolves
  3 boggarts (D:15)
  14 centaurs
  8 kobold brigands
  A necrophage (D:7)
  14 bullfrogs
  A gnoll sergeant (D:8)
  5 scorpions
  5 wights (D:9)
  Dowan (D:7)
  24 killer bees
  4 electric eels
  9 howler monkeys
  A crimson imp (D:10)
  3 centaur zombies (D:9)
  2 jellies
  8 orc priests
  Crazy Yiuf (D:4)
  4 hounds
  A gnoll bouda (D:8)
  An iron imp (D:10)
  2 iguanas
  31 orc wizards
  6 hell rats (Lair:5)
  A howler monkey zombie (D:9)
  13 gnolls
  10 adders
  3 shadow imps
  2 white imps
  2 ufetubi
  A worm (D:4)
  A dart slug (D:1)
  82 orcs
  11 ball pythons
  5 bats
  2 endoplasms
  6 giant cockroaches
  9 goblins
  7 hobgoblins
  10 jackals
  30 kobolds
  6 quokkas
  4 frilled lizards
  6 rats
711 creatures vanquished.

Vanquished Creatures (collateral kills)
  A deep elf knight (D:13)
  A deep elf pyromancer (D:13)
  A black mamba (Lair:4)
  3 cane toads
  2 centaur skeletons (D:13)
  3 kobold demonologists (D:12)
  A blink frog (Lair:5)
  9 kobold brigands (D:12)
  A boggart skeleton (D:13)
22 creatures vanquished.

Vanquished Creatures (others)
  A deep elf zephyrmancer (D:13)
  An orc warrior (D:13)
  2 orc wizards
  A ball python (D:4)
  20 fungi
  67 plants
92 creatures vanquished.

Grand Total: 825 creatures vanquished

Notes
Turn   | Place    | Note
-------+----------+-------------------------------------------
     0 | D:1      | jejorda2 the Merfolk Berserker began the quest for the Orb.
     0 | D:1      | Reached XP level 1. HP: 18/18 MP: 1/1
   145 | D:1      | Reached XP level 2. HP: 19/24 MP: 2/2
   618 | D:2      | Reached XP level 3. HP: 27/29 MP: 3/3
   692 | D:2      | Reached ** piety under Trog
   744 | D:2      | Reached skill level 5 in Polearms
  1179 | D:2      | Identified the +9 sling of Rotation {elec, Fly rElec rC-
                  | rN+}
  1242 | D:2      | Reached XP level 4. HP: 29/37 MP: 4/4
  1617 | D:3      | Reached skill level 6 in Polearms
  1617 | D:3      | Reached XP level 5. HP: 42/42 MP: 5/5
  1675 | D:3      | Found a faded altar of an unknown god.
  1680 | D:3      | Found an ornate altar of the Wu Jian Council.
  1915 | D:3      | Reached *** piety under Trog
  2429 | D:4      | Reached XP level 6. HP: 38/49 MP: 6/6
  2436 | D:4      | Found a runed translucent door.
  2437 | D:4      | Noticed Crazy Yiuf
  2446 | D:4      | Killed Crazy Yiuf
  2550 | D:4      | Reached skill level 7 in Polearms
  2563 | D:4      | Reached skill level 5 in Dodging
  2726 | D:4      | Noticed a steam dragon
  2739 | D:4      | Killed a steam dragon
  2740 | D:4      | Reached skill level 5 in Fighting
  2740 | D:4      | Reached skill level 8 in Polearms
  2740 | D:4      | Reached XP level 7. HP: 56/56 MP: 7/7
  2824 | D:4      | Found a staircase to the Ecumenical Temple.
  3108 | D:4      | Found an ancient bone altar of Kikubaaqudgha.
  3356 | D:5      | Entered Level 5 of the Dungeon
  3388 | D:5      | Found a glowing drain.
  3414 | Sewer    | Entered a sewer
  3688 | Sewer    | Reached skill level 9 in Polearms
  3688 | Sewer    | Reached XP level 8. HP: 64/64 MP: 8/8
  3696 | Sewer    | Reached **** piety under Trog
  3867 | D:5      | Reached skill level 10 in Polearms
  3988 | D:5      | Found a radiant altar of Vehumet.
  4092 | D:5      | Reached skill level 11 in Polearms
  4246 | D:5      | Found a burning altar of Makhleb.
  4351 | D:5      | Found a white marble altar of Elyvilon.
  4352 | D:5      | Found a stormy altar of Qazlal.
  4572 | D:6      | Found a blossoming altar of Fedhas.
  4621 | D:6      | Reached skill level 12 in Polearms
  4785 | D:6      | Found a sparkling altar of Nemelex Xobeh.
  4797 | D:6      | Identified the +9 sling "Pendulum" {heavy, Str+4 Dex+2}
  4855 | D:6      | Reached XP level 9. HP: 69/69 MP: 9/9
  5030 | D:6      | Found a snail-covered altar of Cheibriados.
  5135 | D:6      | Found a glowing golden altar of the Shining One.
  5200 | D:7      | Reached skill level 13 in Polearms
  5324 | D:7      | Found a flagged portal.
  5350 | Bailey   | Entered a bailey
  5464 | Bailey   | Reached skill level 14 in Polearms
  5492 | Bailey   | Reached XP level 10. HP: 50/79 MP: 10/10
  5672 | Bailey   | Noticed a two-headed ogre
  5680 | Bailey   | Killed a two-headed ogre
  5689 | Bailey   | Reached skill level 15 in Polearms
  6195 | D:7      | Noticed Duvessa
  6195 | D:7      | Noticed Dowan
  6200 | D:7      | Killed Duvessa
  6204 | D:7      | Killed Dowan
  6608 | D:7      | Found a shadowy altar of Dithmenos.
  7183 | D:8      | Found Qyrchiegh's Magic Scroll Shoppe.
  7363 | D:8      | Reached skill level 16 in Polearms
  7552 | D:8      | Found a staircase to the Lair.
  7641 | D:8      | Found a broken altar of Ashenzari.
  7740 | D:8      | Bought a scroll of identify for 30 gold pieces
  7740 | D:8      | Bought a scroll of identify for 30 gold pieces
  7811 | D:9      | Reached XP level 11. HP: 89/89 MP: 11/11
  7887 | D:9      | Reached skill level 5 in Armour
  7992 | D:9      | Found a shimmering blue altar of Sif Muna.
  8181 | D:9      | Reached ***** piety under Trog
  8196 | D:9      | Found a glowing silver altar of Zin.
  8629 | D:10     | Entered Level 10 of the Dungeon
  8719 | D:10     | Reached skill level 17 in Polearms
  8734 | D:10     | Found a shimmering altar of Xom.
  8735 | D:10     | Found a hazy altar of Hepliaklqana.
  8735 | D:10     | Noticed a four-headed hydra
  9036 | D:10     | Received a gift from Trog
  9078 | D:10     | Noticed a deep elf pyromancer
  9080 | D:10     | Killed a deep elf pyromancer
  9088 | D:10     | Noticed a deep elf zephyrmancer
  9090 | D:10     | Killed a deep elf zephyrmancer
  9091 | D:10     | Reached skill level 10 in Fighting
  9217 | D:10     | Found a portal to a secret trove of treasure.
  9442 | D:11     | Reached skill level 18 in Polearms
  9574 | D:11     | Noticed a boulder beetle
  9581 | D:11     | Killed a boulder beetle
  9593 | D:11     | Found a runed translucent door.
  9597 | D:11     | Noticed greasedhog's ghost (journeyman KoFi)
  9621 | D:11     | Reached XP level 12. HP: 94/98 MP: 4/12
  9686 | D:11     | Reached skill level 1 in Throwing
 10211 | D:12     | Reached skill level 19 in Polearms
 10213 | D:12     | Noticed a two-headed ogre
 10258 | D:12     | Killed a two-headed ogre
 10304 | D:12     | Found a staircase to the Orcish Mines.
 10578 | D:12     | Reached skill level 1 in Evocations
 10594 | D:12     | Found a runed translucent gate.
 10594 | D:12     | Found a runed translucent gate.
 10596 | D:12     | Found a runed translucent gate.
 10596 | D:12     | Noticed mampy3000's ghost (journeyman MiBe)
 10934 | D:12     | Killed mampy3000's ghost
 11112 | Lair:1   | Entered Level 1 of the Lair of Beasts
 11138 | Lair:1   | Found a runed translucent gate.
 11140 | Lair:1   | Found a runed translucent gate.
 11140 | Lair:1   | Found a runed translucent gate.
 11143 | Lair:1   | Noticed Poahonk's ghost (journeyman TrCK)
 11147 | Lair:1   | Found a viscous altar of Jiyva.
 11171 | Lair:1   | Reached skill level 20 in Polearms
 11197 | Lair:1   | Reached XP level 13. HP: 98/107 MP: 4/13
 11538 | Lair:1   | Found a runed translucent door.
 11572 | Lair:1   | Reached skill level 5 in Throwing
 11984 | Lair:2   | Found a hole to the Spider Nest.
 12667 | Lair:3   | Reached skill level 5 in Evocations
 12819 | Lair:3   | Found a staircase to the Shoals.
 12924 | Lair:3   | Found a shimmering altar of Xom.
 13067 | Lair:3   | Found a runed translucent door.
 13067 | Lair:3   | Found a shimmering altar of Xom.
 13067 | Lair:3   | Noticed olddryhag's ghost (adept DsGl)
 13482 | Lair:4   | Found a transporter.
 13855 | Lair:4   | Reached ****** piety under Trog
 13946 | Lair:4   | Received a gift from Trog
 14026 | Lair:4   | Found a staircase to the Slime Pits.
 14250 | Lair:4   | Found a transporter.
 14600 | Lair:5   | Entered Level 5 of the Lair of Beasts
 14609 | Lair:5   | Reached XP level 14. HP: 115/115 MP: 14/14
 15214 | Lair:5   | Identified the amulet "Seqe" {RegenMP Contam rElec rCorr
                  | Str+3}
 15254 | Lair:5   | Reached skill level 10 in Dodging
 15358 | Lair:5   | Identified the +3 morningstar "Hiyrav" {protect, Int+5}
 15648 | Lair:5   | Reached skill level 10 in Throwing
 16465 | D:13     | Received a gift from Trog
 16469 | D:13     | Found a gate to the Vaults.
 16697 | D:13     | Noticed Azrael
 16707 | D:13     | Reached XP level 15. HP: 120/120 MP: 15/15
 16727 | D:13     | Killed Azrael
 18194 | D:15     | Entered Level 15 of the Dungeon
 18541 | D:15     | Found a staircase to the Depths.
 18541 | D:15     | Noticed a frost giant
 18544 | D:15     | Killed a frost giant
 18646 | Orc:1    | Entered Level 1 of the Orcish Mines
 19265 | Orc:2    | Entered Level 2 of the Orcish Mines
 19265 | Orc:2    | Found a staircase to the Elven Halls.
 19731 | Orc:2    | Received a gift from Trog
 19755 | Orc:2    | Found Fahouxzutas's Distillery.
 19799 | Orc:2    | Found a radiant altar of Vehumet.
 19817 | Orc:2    | Found Cuaph's Book Shoppe.
 19861 | Orc:2    | Found an ancient bone altar of Kikubaaqudgha.
 19893 | Orc:2    | Found Ucseaba's Antique Armour Shoppe.
 19910 | Orc:2    | Found Foggue's Book Emporium.
 20041 | Orc:2    | Received a gift from Trog
 20464 | Orc:2    | Bought a runed chain mail for 247 gold pieces
 20464 | Orc:2    | Bought a pair of embroidered boots for 247 gold pieces
 20738 | Spider:1 | Entered Level 1 of the Spider Nest
 20780 | Spider:1 | Noticed an emperor scorpion
 20780 | Spider:1 | Noticed Nikola
 20816 | Spider:1 | Reached skill level 10 in Armour
 20817 | Spider:1 | Reached XP level 16. HP: 98/129 MP: 16/16
 20922 | Spider:1 | Killed Nikola
 21018 | Spider:1 | Mangled by an emperor scorpion

Illustrated notes

Levels and vault maps discovered:
D:1:      spicycebolla_green_bress_n_ham_2, layout_loops_ring,
          minmay_close_crescents
D:2:      layout_basic
D:3:      layout_basic, nicolae_overflow_ecumenical_swirl
D:4:      layout_cave_pods, mainiacjoe_overflow_alcove_2,
          minmay_temple_entry_stoned_glass, uniq_crazy_yiuf_cottage
D:5:      layout_rooms, nicolae_overflow_crystal_walls,
          lemuel_coloured_pillars_altar, gammafunk_temple_overflow_statue,
          gup_sewer_entry_pipe
D:6:      layout_cave_pools, fedhas_altar_fruit_tree,
          nemelex_diamond_rough_becter, lemuel_round_altar, tso_altar,
          minmay_fractal_squares_gapless_5
D:7:      layout_basic, mainiacjoe_overflow_boulevard, enter_bailey_6,
          chequers_big_river, centaur_isle, uniq_duvessa
D:8:      cheibrodos_iron_armory, layout_rooms, marbit_many_paths,
          grunt_lair_entry_orc_guard_hut, serial_shops, nicolae_shop_trees
D:9:      layout_cave_pods, zin_scriptorium, lemuel_tele_altar, serial_undead,
          serial_undead_a, serial_undead_e, serial_undead_a, serial_undead_e
D:10:     layout_rooms, regret_index_temple_of_mockery,
          nicolae_trove_entry_columns, nrook_uturn, hangedman_minor_magic
D:11:     layout_loops_ring, hellmonk_ghost_big_iron
D:12:     layout_loops_cross, david_orc_3, gammafunk_ghost_nasty_kobolds
D:13:     layout_irregular_city, hangedman_vaults_entry_quadrant_bands,
          serial_bayou_ford_a, uniq_azrael
D:14:     layout_roguey
D:15:     grunt_enter_depths_snipers, layout_gridville, minmay_tree_intersection
Lair:1:   gammafunk_indiana_jones, layout_regular_city, gammafunk_ghost_ooze
Lair:2:   layout_regular_city, spider_nest_entry_a, worms_lemuel,
          serial_bayou_shore_b, grunt_megastairs_4
Lair:3:   layout_cave_shapes, shoals_dummy_entry, basic_altar, ebering_ghost_xom
Lair:4:   gammafunk_cloud_chamber, layout_small_grid, slime_entry_1,
          pdpol_lair_neglected_garden, infiniplex_staircase_pool,
          lemuel_fruit_tree, serial_bayou_shore_b
Lair:5:   minmay_lair_end_frog_pond, layout_cave_pods
Spider:1: layout_spider_delve, nicolae_spider_claw_tunnel, uniq_nikola
Orc:1:    minmay_goldmine, layout_caves
Orc:2:    kennysheep_orc_mage_school, layout_caves, kennysheep_orc_chapel

Skill      XL: |  1  2  3  4  5  6  7  8  9 10 11 12 13 14 15 |
---------------+----------------------------------------------+-----
Dodging        | 3 4 5 6 8 11 12 | 12.0
Polearms       | 5 6 8 9 12 14 16 18 20 | 20.0
Fighting       | 4 5 6 7 9 10 11 12 | 12.9
Armour         | 3 4 6 8 10 | 10.2
Throwing       | 4 8 10 13 | 13.6
Evocations     | 2 6 |  6.0

Action                   |  1- 3 |  4- 6 |  7- 9 | 10-12 | 13-15 | 16-18 || total
-------------------------+-------+-------+-------+-------+-------+-------++-------
Melee: Spear             |   104 |   162 |   380 |       |       |       ||   646
       Punch             |     2 |     4 |     6 |       |     1 |       ||    13
       Tailslap          |       |       |    11 |     2 |    13 |       ||    26
       Trident           |       |       |    58 |       |    49 |       ||   107
       Glaive            |       |       |    14 |   645 |  1049 |    55 ||  1763
Throw: Stone             |       |     5 |    13 |       |       |       ||    18
       Javelin           |       |       |     4 |     2 |       |       ||     6
       Dart              |       |       |       |    13 |    88 |    13 ||   114
       Boomerang         |       |       |       |       |    19 |       ||    19
Invok: Berserk           |       |     6 |     7 |     6 |    14 |     2 ||    35
       Trog's Hand       |       |       |     1 |     4 |    10 |       ||    15
       Brothers in Arms  |       |       |       |     1 |     3 |     1 ||     5
Evoke: Wand              |       |       |       |       |     5 |    10 ||    15
       Tin of tremorston |       |       |       |       |     1 |       ||     1
       Phial of floods   |       |       |       |       |       |     1 ||     1
  Use: Scroll            |       |       |     9 |    21 |     7 |       ||    37
       Potion            |       |       |       |       |       |     1 ||     1
 Stab: Sleeping          |     1 |       |       |       |       |       ||     1
Armor: Animal skin       |     1 |       |       |       |       |       ||     1
       Chain mail        |    25 |    59 |   129 |       |       |       ||   213
       Quicksilver drago |       |       |       |   246 |   480 |    33 ||   759
Dodge: Dodged            |    47 |    59 |   208 |   414 |   699 |    41 ||  1468

Table legend: (Time is in decaauts)
 A = Elapsed time spent in this place.
 B = Non-inter-level travel time spent in this place.
 C = Inter-level travel time spent in this place.
 D = Time resting spent in this place.
 E = Time spent auto-exploring this place.
 F = Levels seen in this place.
 G = Mean time per level.
                   A        B        C        D        E       F      G
               +--------+--------+--------+--------+--------+-----+--------+
         Total |  20635 |  18998 |   1637 |   2211 |  12312 |  25 |  825.4 |
       Dungeon |  12734 |  11721 |   1013 |   1219 |   7840 |  15 |  848.9 |
          Lair |   4956 |   4596 |    360 |    446 |   3228 |   5 |  991.2 |
   Spider Nest |    243 |    243 |      0 |     63 |     41 |   1 |  243.0 |
  Orcish Mines |   1951 |   1689 |    262 |    236 |    943 |   2 |  975.5 |
         Sewer |    304 |    304 |      0 |     53 |    142 |   1 |  304.0 |
        Bailey |    444 |    444 |      0 |    193 |    118 |   1 |  444.0 |
               +--------+--------+--------+--------+--------+-----+--------+

Top non-repeatable levels by time:
  Lair:4: 1405 daAuts
     D:7: 1300 daAuts
  Lair:5: 1261 daAuts
    D:13: 1194 daAuts
   Orc:2: 1140 daAuts
     D:4: 1139 daAuts
    D:14: 1050 daAuts
    D:12: 1014 daAuts
     D:9: 995 daAuts
     D:6: 916 daAuts
     D:3: 841 daAuts
  Lair:2: 817 daAuts
   Orc:1: 811 daAuts
  Lair:1: 770 daAuts
     D:2: 762 daAuts
